Montreal Canadiens vs San Jose Sharks
Created - Friday, February 6, 2026 at 08:12
Goals
|
| Montreal Canadiens |
3 |
0 |
0 |
3 |
| San Jose Sharks |
1 |
1 |
0 |
2 |
|
Shots
|
| Montreal Canadiens |
18 |
6 |
3 |
27 |
| San Jose Sharks |
9 |
11 |
15 |
35 |
|
1st period
1. Montreal Canadiens , Brad Marchand 10 (Lane Hutson 3) at 2:45
2. Montreal Canadiens , Ryan Poehling 1 (Martin Necas 6, Macklin Celebrini 9) at 9:02
3. San Jose Sharks , Owen Tippett 9 (Adam Henrique 12) at 12:44 (PP)
4. Montreal Canadiens , Juraj Slafkovsky 2 (Matt Duchene 7) at 17:01
Penalties :
Adam Fox (MTL) for Tripping (Minor) at 12:31
2nd period
5. San Jose Sharks , Andrew Copp 2 (Zach Whitecloud 4, Ilya Mikheyev 6) at 12:34
Penalties :
Morgan Frost (SJS) for Boarding (Minor) at 5:03
3rd period
No Goal
Penalties :
Jake Middleton (SJS) for Slashing (Minor) at 6:03, Max Domi (SJS) for Kneeing (Minor) at 13:53
Goalie Stats
Lukas Dostal (MTL), 33 saves from 35 shots - (0.943), W, 3-2-0, 60:00 minutes
Jakub Dobes (SJS), 24 saves from 27 shots - (0.889), L, 3-3-0, 58:54 minutes
Players Stats for Montreal Canadiens
Player Name G A P +/- PIM S H SB GA TA FO MP PP MP PK MP
------------------------------------------------------------------------------------
Adam Fox 0 0 0 0 2 0 0 1 0 0 0/0 17:48 1:52 0:00
Arttu Hyry 0 0 0 0 0 0 0 0 0 0 0/0 10:31 0:00 0:00
Brad Marchand 1 0 1 2 0 4 2 1 2 0 1/2 17:54 2:58 0:00
Brady Skjei 0 0 0 2 0 0 0 1 1 1 0/0 23:32 1:05 0:13
Damon Severson 0 0 0 1 0 0 0 0 1 0 0/0 17:46 3:16 0:00
Drew O'Connor 0 0 0 -1 0 2 1 0 1 0 0/2 13:58 0:00 0:13
Evgeni Dadonov 0 0 0 0 0 1 2 0 0 0 0/0 10:18 0:41 0:00
Josh Manson 0 0 0 0 0 1 2 3 0 0 0/0 16:44 0:09 0:13
Juraj Slafkovsky 1 0 1 2 0 2 2 0 0 0 0/1 18:07 2:55 0:00
Justin Hryckowian 0 0 0 0 0 1 0 1 1 0 2/3 9:18 0:32 0:00
Lane Hutson 0 1 1 0 0 0 2 3 0 2 0/0 19:52 3:02 0:00
Macklin Celebrini 0 1 1 1 0 4 1 0 0 0 6/16 16:59 2:18 0:00
Martin Necas 0 1 1 1 0 0 1 2 0 1 0/1 17:10 2:21 0:00
Matt Duchene 0 1 1 2 0 4 1 0 0 0 9/14 17:53 2:57 0:00
Owen Power 0 0 0 1 0 1 2 1 0 1 0/0 24:17 2:30 0:00
Patrik Laine 0 0 0 -1 0 6 1 0 2 0 0/0 16:24 2:52 0:00
Ryan Poehling 1 0 1 1 0 1 0 0 0 0 0/1 17:17 0:17 0:00
Teddy Blueger 0 0 0 -1 0 0 4 0 0 0 5/13 13:58 0:00 0:13
Players Stats for San Jose Sharks
Player Name G A P +/- PIM S H SB GA TA FO MP PP MP PK MP
------------------------------------------------------------------------------------
Adam Henrique 0 1 1 -2 0 1 0 1 0 0 8/16 17:25 0:13 2:17
Alexander Wennberg 0 0 0 0 0 5 2 1 0 1 2/2 17:03 0:00 2:52
Andre Burakovsky 0 0 0 0 0 1 2 0 0 0 0/0 9:31 0:00 0:00
Andrew Copp 1 0 1 0 0 3 0 0 0 0 4/6 13:50 0:00 0:00
Anthony Beauvillier 0 0 0 0 0 1 0 0 0 1 0/1 9:46 0:00 0:15
Connor Murphy 0 0 0 -1 0 2 1 3 0 1 0/0 25:01 0:13 2:14
Ilya Mikheyev 0 1 1 0 0 3 0 0 1 0 0/0 14:48 0:00 0:47
Jake Middleton 0 0 0 0 2 1 0 0 0 1 0/0 15:49 0:00 0:20
Luke Glendening 0 0 0 0 0 0 1 0 1 0 1/1 9:31 0:00 0:00
Marcus Pettersson 0 0 0 -1 0 1 0 0 0 1 0/0 19:18 0:00 3:23
Mattias Samuelsson 0 0 0 -1 0 1 3 0 0 1 0/0 25:01 0:13 2:14
Max Domi 0 0 0 0 2 5 0 0 1 0 2/3 14:43 0:13 0:30
Morgan Frost 0 0 0 0 2 2 0 1 0 0 8/17 14:12 0:00 0:00
Morgan Geekie 0 0 0 -2 0 3 1 0 0 0 2/3 18:27 0:00 2:20
Oliver Ekman-Larsson 0 0 0 -1 0 0 1 2 0 1 0/0 19:18 0:00 3:23
Owen Tippett 1 0 1 0 0 4 2 1 2 0 1/1 18:29 0:13 2:53
Peyton Krebs 0 0 0 -2 0 2 5 0 0 1 2/3 16:07 0:00 0:00
Zach Whitecloud 0 1 1 0 0 0 1 0 0 0 0/0 15:41 0:00 0:20
3 Stars
1 - Brad Marchand (MTL)
2 - Juraj Slafkovsky (MTL)
3 - Lukas Dostal (MTL)
Power Play
Montreal Canadiens - 0 on 3 Attempt(s) - 0.00%
San Jose Sharks - 1 on 1 Attempt(s) - 100.00%
Penalty Kill
Montreal Canadiens - 0 on 1 Attempt(s) - 0.00%
- Score 0 goal in Penalty Kill
San Jose Sharks - 3 on 3 Attempt(s) - 100.00%
- Score 0 goal in Penalty Kill
Team Stat
Montreal Canadiens - Hits : 21 - Faceoff Wins : 23 - Blocked Shots : 13 - Penalty Minutes : 2
San Jose Sharks - Hits : 19 - Faceoff Wins : 30 - Blocked Shots : 9 - Penalty Minutes : 6
Official
Referees : Jake Brenk and Ian Walsh
Linesman : Dan Kelly and Bevan Mills
Game Notes
Adam Fox is injured at 18:52 of 3rd period (Bruised Right Arm)
Finance
Level 1 -- Attendance: 3960 (66.00%) -- Ticket Income $495,000
Level 2 -- Attendance: 3300 (66.00%) -- Ticket Income $247,500
Level 3 -- Attendance: 1980 (66.00%) -- Ticket Income $99,000
Level 4 -- Attendance: 3300 (66.00%) -- Ticket Income $99,000
Luxury Box -- Attendance: 710 (71.00%) -- Ticket Income $142,000
Game was played at the SAP Center at San Jose.
Total Attendance: 13250 (66.25%)
Total Ticket Income: $1,082,500
Other Income: $378,875
Total Income: $1,461,375
Montreal Canadiens
5 vs 5 Forward
Center Left Wing Right Wing Time % Phy DF OF
1 Macklin Celebrini Ryan Poehling Martin Necas 30 0 1 4
2 Matt Duchene Brad Marchand Juraj Slafkovsky 30 0 1 4
3 Teddy Blueger Drew O'Connor Patrik Laine 25 1 2 2
4 Justin Hryckowian Evgeni Dadonov Arttu Hyry 15 1 2 2
5 vs 5 Defense
Defense Defense Time % Phy DF OF
1 Josh Manson Lane Hutson 30 1 2 2
2 Brady Skjei Damon Severson 30 1 2 2
3 Adam Fox Owen Power 25 1 3 1
4 Brady Skjei Owen Power 15 1 3 1
PowerPlay Forward
Center Left Wing Right Wing Time % Phy DF OF
1 Macklin Celebrini Matt Duchene Brad Marchand 50 0 0 5
2 Martin Necas Juraj Slafkovsky Patrik Laine 50 0 0 5
PowerPlay Defense
Defense Defense Time % Phy DF OF
1 Adam Fox Lane Hutson 50 0 0 5
2 Owen Power Damon Severson 50 0 0 5
Penalty Kill 4 Players Forward
Center Wing Time % Phy DF OF
1 Ryan Poehling Brad Marchand 50 0 5 0
2 Teddy Blueger Drew O'Connor 50 0 5 0
Penalty Kill 4 Players Defense
Defense Defense Time % Phy DF OF
1 Josh Manson Brady Skjei 50 0 5 0
2 Owen Power Damon Severson 50 0 5 0
Penalty Kill - 3 Players Forward
Forward Time % Phy DF OF
1 Teddy Blueger 50 0 5 0
2 Ryan Poehling 50 0 5 0
Penalty Kill - 3 Players Defense
Defense Defense Time % Phy DF OF
1 Josh Manson Brady Skjei 50 0 5 0
2 Owen Power Damon Severson 50 0 5 0
4 vs 4 Forward
Center Wing Time % Phy DF OF
1 Macklin Celebrini Martin Necas 50 1 2 2
2 Matt Duchene Brad Marchand 50 1 2 2
4 vs 4 Defense
Defense Defense Time % Phy DF OF
1 Lane Hutson Adam Fox 50 1 2 2
2 Brady Skjei Damon Severson 50 1 2 2
Last Minutes Offensive
Center Left Wing Right Wing Defense Defense
Macklin Celebrini Matt Duchene Brad Marchand Lane Hutson Adam Fox
Last Minutes Defensive
Center Left Wing Right Wing Defense Defense
Teddy Blueger Ryan Poehling Drew O'Connor Brady Skjei Owen Power
Goaltenders
Starting : Lukas Dostal
Backup : Stuart Skinner
Extra Forwards
Normal : Macklin Celebrini, Brad Marchand, Ryan Poehling - PP : Macklin Celebrini, Brad Marchand - PK : Macklin Celebrini
Extra Defensemen
Normal : Brady Skjei, Owen Power, Damon Severson - PP : Lane Hutson - PK : Brady Skjei, Owen Power
Penalty Shots
Patrik Laine, Teddy Blueger, Ryan Poehling, Macklin Celebrini, Arttu Hyry
Scratches
Pyotr Kochetkov (Healthy)
San Jose Sharks
5 vs 5 Forward
Center Left Wing Right Wing Time % Phy DF OF
1 Adam Henrique Peyton Krebs Morgan Geekie 30 1 2 2
2 Morgan Frost Alexander Wennberg Owen Tippett 30 1 2 2
3 Andrew Copp Max Domi Ilya Mikheyev 25 1 2 2
4 Luke Glendening Anthony Beauvillier Andre Burakovsky 15 1 2 2
5 vs 5 Defense
Defense Defense Time % Phy DF OF
1 Connor Murphy Mattias Samuelsson 30 1 2 2
2 Oliver Ekman-Larsson Marcus Pettersson 30 1 2 2
3 Jake Middleton Zach Whitecloud 25 1 2 2
4 Connor Murphy Mattias Samuelsson 15 1 2 2
PowerPlay Forward
Center Left Wing Right Wing Time % Phy DF OF
1 Adam Henrique Max Domi Owen Tippett 50 1 2 2
2 Morgan Frost Alexander Wennberg Morgan Geekie 50 1 2 2
PowerPlay Defense
Defense Defense Time % Phy DF OF
1 Connor Murphy Mattias Samuelsson 50 1 2 2
2 Oliver Ekman-Larsson Marcus Pettersson 50 1 2 2
Penalty Kill 4 Players Forward
Center Wing Time % Phy DF OF
1 Morgan Geekie Adam Henrique 50 1 2 2
2 Alexander Wennberg Owen Tippett 50 1 2 2
Penalty Kill 4 Players Defense
Defense Defense Time % Phy DF OF
1 Connor Murphy Mattias Samuelsson 50 1 2 2
2 Oliver Ekman-Larsson Marcus Pettersson 50 1 2 2
Penalty Kill - 3 Players Forward
Forward Time % Phy DF OF
1 Morgan Geekie 50 1 2 2
2 Adam Henrique 50 1 2 2
Penalty Kill - 3 Players Defense
Defense Defense Time % Phy DF OF
1 Connor Murphy Mattias Samuelsson 50 1 2 2
2 Oliver Ekman-Larsson Marcus Pettersson 50 1 2 2
4 vs 4 Forward
Center Wing Time % Phy DF OF
1 Morgan Geekie Morgan Frost 50 1 2 2
2 Alexander Wennberg Owen Tippett 50 1 2 2
4 vs 4 Defense
Defense Defense Time % Phy DF OF
1 Connor Murphy Mattias Samuelsson 50 1 2 2
2 Oliver Ekman-Larsson Marcus Pettersson 50 1 2 2
Last Minutes Offensive
Center Left Wing Right Wing Defense Defense
Morgan Geekie Peyton Krebs Owen Tippett Connor Murphy Mattias Samuelsson
Last Minutes Defensive
Center Left Wing Right Wing Defense Defense
Morgan Geekie Peyton Krebs Owen Tippett Connor Murphy Mattias Samuelsson
Goaltenders
Starting : Jakub Dobes
Backup : Adin Hill
Extra Forwards
Normal : Morgan Frost, Max Domi, Ilya Mikheyev - PP : Morgan Frost, Max Domi - PK : Ilya Mikheyev
Extra Defensemen
Normal : Jake Middleton, Zach Whitecloud, Oliver Ekman-Larsson - PP : Jake Middleton - PK : Zach Whitecloud, Oliver Ekman-Larsson
Penalty Shots
Morgan Geekie, Morgan Frost, Alexander Wennberg, Owen Tippett, Adam Henrique
Scratches
Travis Boyd (Healthy), Calle Jarnkrok (Healthy), Justin Barron (Healthy)
% Time on Ice - Montreal Canadiens
Lines # - Real PCT - Wanted PCT - Time Play
Normal Forward
1 - 28% - 30% - 14:30
2 - 32% - 30% - 16:54
3 - 24% - 25% - 12:30
4 - 17% - 15% - 8:41
Normal Defense
1 - 33% - 30% - 17:11
2 - 29% - 30% - 15:12
3 - 27% - 25% - 14:22
4 - 11% - 15% - 5:50
PP Forward
1 - 49% - 50% - 2:56
2 - 51% - 50% - 3:01
PP Defense
1 - 45% - 50% - 2:41
2 - 55% - 50% - 3:16
PK Forward
1 - 0% - 50% - 0:00
2 - 100% - 50% - 0:13
PK Defense
1 - 100% - 50% - 0:13
2 - 0% - 50% - 0:00
PK3 Forward
1 - 0% - 50%
2 - 0% - 50%
PK3 Defense
1 - 0% - 50%
2 - 0% - 50%
44 Forward
1 - 0% - 50%
2 - 0% - 50%
44 Defense
1 - 0% - 50%
2 - 0% - 50%
Last Minute Offensive - 0:00
Last Minute Defensive - 1:15
Total
Forward - 60:00
Defense - 60:00
|
% Time on Ice - San Jose Sharks
Lines # - Real PCT - Wanted PCT - Time Play
Normal Forward
1 - 28% - 30% - 14:55
2 - 27% - 30% - 14:22
3 - 26% - 25% - 13:50
4 - 18% - 15% - 9:31
Normal Defense
1 - 28% - 30% - 14:45
2 - 30% - 30% - 15:50
3 - 29% - 25% - 15:21
4 - 13% - 15% - 6:42
PP Forward
1 - 100% - 50% - 0:13
2 - 0% - 50% - 0:00
PP Defense
1 - 100% - 50% - 0:13
2 - 0% - 50% - 0:00
PK Forward
1 - 50% - 50% - 2:59
2 - 50% - 50% - 2:58
PK Defense
1 - 38% - 50% - 2:14
2 - 62% - 50% - 3:43
PK3 Forward
1 - 0% - 50%
2 - 0% - 50%
PK3 Defense
1 - 0% - 50%
2 - 0% - 50%
44 Forward
1 - 0% - 50%
2 - 0% - 50%
44 Defense
1 - 0% - 50%
2 - 0% - 50%
Last Minute Offensive - 1:12
Last Minute Defensive - 0:00
Total
Forward - 60:00
Defense - 60:00
|
Play-by-Play
1st period
0:01 of 1st period - Adam Henrique wins face-off versus Macklin Celebrini in neutral zone.
0:20 of 1st period - Ryan Poehling is hit by Mattias Samuelsson and loses puck.
0:35 of 1st period - Wrist shot by Alexander Wennberg.
0:35 of 1st period - Shot Misses the Net.
0:37 of 1st period - Backhand shot by Mattias Samuelsson.
0:37 of 1st period - Deflect By Owen Tippett.
0:37 of 1st period - Shot Blocked by Josh Manson.
0:37 of 1st period - Puck is out of play.
0:38 of 1st period - Andrew Copp wins face-off versus Teddy Blueger in Montreal Canadiens zone.
0:51 of 1st period - Snap shot by Max Domi.
0:51 of 1st period - Stopped by Lukas Dostal without a rebound.
0:52 of 1st period - Luke Glendening wins face-off versus Justin Hryckowian in Montreal Canadiens zone.
1:45 of 1st period - Slapshot by Patrik Laine.
1:45 of 1st period - Stopped by Jakub Dobes with a rebound.
1:47 of 1st period - Snap shot by Patrik Laine.
1:47 of 1st period - Stopped by Jakub Dobes without a rebound.
1:48 of 1st period - Macklin Celebrini wins face-off versus Adam Henrique in San Jose Sharks zone.
2:45 of 1st period - Snap shot by Brad Marchand.
2:45 of 1st period - Goal by Brad Marchand - Montreal Canadiens : 1 - San Jose Sharks : 0.
2:46 of 1st period - Justin Hryckowian wins face-off versus Anthony Beauvillier in neutral zone.
2:49 of 1st period - Andre Burakovsky is hit by Owen Power and loses puck.
3:00 of 1st period - Snap shot by Justin Hryckowian.
3:00 of 1st period - Stopped by Jakub Dobes without a rebound.
3:01 of 1st period - Peyton Krebs wins face-off versus Macklin Celebrini in San Jose Sharks zone.
3:06 of 1st period - Damon Severson is hit by Peyton Krebs and loses puck.
3:29 of 1st period - Slapshot by Drew O'Connor.
3:29 of 1st period - Stopped by Jakub Dobes without a rebound.
3:30 of 1st period - Teddy Blueger wins face-off versus Morgan Frost in San Jose Sharks zone.
3:31 of 1st period - Backhand shot by Patrik Laine.
3:31 of 1st period - Stopped by Jakub Dobes with a rebound.
3:33 of 1st period - Snap shot by Drew O'Connor.
3:33 of 1st period - Deflect By Teddy Blueger.
3:33 of 1st period - Shot Misses the Net.
3:33 of 1st period - Puck is out of play.
3:34 of 1st period - Morgan Frost wins face-off versus Drew O'Connor in San Jose Sharks zone.
3:34 of 1st period - Morgan Frost is hit by Teddy Blueger.
3:42 of 1st period - Slapshot by Owen Tippett.
3:42 of 1st period - Shot Misses the Net.
3:48 of 1st period - Snap shot by Patrik Laine.
3:48 of 1st period - Shot Misses the Net.
4:19 of 1st period - Snap shot by Patrik Laine.
4:19 of 1st period - Stopped by Jakub Dobes without a rebound.
4:20 of 1st period - Andrew Copp wins face-off versus Matt Duchene in San Jose Sharks zone.
4:20 of 1st period - Andrew Copp is hit by Juraj Slafkovsky.
5:26 of 1st period - Max Domi is hit by Juraj Slafkovsky and loses puck.
5:41 of 1st period - Snap shot by Alexander Wennberg.
5:41 of 1st period - Shot Blocked by Lane Hutson.
6:03 of 1st period - Snap shot by Morgan Geekie.
6:03 of 1st period - Shot Misses the Net.
6:34 of 1st period - Icing by Marcus Pettersson.
6:35 of 1st period - Matt Duchene wins face-off versus Max Domi in San Jose Sharks zone.
7:12 of 1st period - Snap shot by Morgan Geekie.
7:12 of 1st period - Shot Blocked by Owen Power.
7:24 of 1st period - Slapshot by Morgan Geekie.
7:24 of 1st period - Stopped by Lukas Dostal with a rebound.
7:50 of 1st period - Wrist shot by Drew O'Connor.
7:50 of 1st period - Stopped by Jakub Dobes with a rebound.
8:06 of 1st period - Brad Marchand is hit by Mattias Samuelsson and loses puck.
8:18 of 1st period - Icing by Juraj Slafkovsky.
8:19 of 1st period - Morgan Frost wins face-off versus Juraj Slafkovsky in Montreal Canadiens zone.
8:48 of 1st period - Snap shot by Martin Necas.
8:48 of 1st period - Deflect By Adam Henrique.
8:48 of 1st period - Shot Blocked by Adam Henrique.
8:48 of 1st period - Puck is out of play.
8:49 of 1st period - Macklin Celebrini wins face-off versus Adam Henrique in San Jose Sharks zone.
9:00 of 1st period - Slapshot by Martin Necas.
9:00 of 1st period - Shot Misses the Net.
9:02 of 1st period - Wrist shot by Ryan Poehling.
9:02 of 1st period - Goal by Ryan Poehling - Montreal Canadiens : 2 - San Jose Sharks : 0.
9:03 of 1st period - Macklin Celebrini wins face-off versus Morgan Frost in neutral zone.
9:16 of 1st period - Slapshot by Macklin Celebrini.
9:16 of 1st period - Shot Misses the Net.
9:35 of 1st period - Wrist shot by Matt Duchene.
9:35 of 1st period - Stopped by Jakub Dobes without a rebound.
9:36 of 1st period - Adam Henrique wins face-off versus Teddy Blueger in San Jose Sharks zone.
9:43 of 1st period - Snap shot by Adam Henrique.
9:43 of 1st period - Stopped by Lukas Dostal with a rebound.
9:51 of 1st period - Snap shot by Peyton Krebs.
9:51 of 1st period - Stopped by Lukas Dostal with a rebound.
10:08 of 1st period - Wrist shot by Andrew Copp.
10:08 of 1st period - Deflect By Ilya Mikheyev.
10:08 of 1st period - Shot Blocked by Josh Manson.
10:08 of 1st period - Puck is out of play.
10:09 of 1st period - Andrew Copp wins face-off versus Macklin Celebrini in Montreal Canadiens zone.
11:29 of 1st period - Wrist shot by Juraj Slafkovsky.
11:29 of 1st period - Deflect By Brad Marchand.
11:29 of 1st period - Stopped by Jakub Dobes with a rebound.
11:31 of 1st period - Slapshot by Josh Manson.
11:31 of 1st period - Shot Misses the Net.
11:33 of 1st period - Slapshot by Josh Manson.
11:33 of 1st period - Stopped by Jakub Dobes with a rebound.
11:43 of 1st period - Wrist shot by Brad Marchand.
11:43 of 1st period - Stopped by Jakub Dobes without a rebound.
11:44 of 1st period - Macklin Celebrini wins face-off versus Adam Henrique in San Jose Sharks zone.
11:49 of 1st period - Snap shot by Macklin Celebrini.
11:49 of 1st period - Stopped by Jakub Dobes with a rebound.
11:51 of 1st period - Wrist shot by Macklin Celebrini.
11:51 of 1st period - Stopped by Jakub Dobes with a rebound.
11:53 of 1st period - Slapshot by Damon Severson.
11:53 of 1st period - Shot Misses the Net.
12:09 of 1st period - Connor Murphy is hit by Teddy Blueger and loses puck.
12:18 of 1st period - Wrist shot by Patrik Laine.
12:18 of 1st period - Stopped by Jakub Dobes without a rebound.
12:19 of 1st period - Justin Hryckowian wins face-off versus Andrew Copp in San Jose Sharks zone.
12:31 of 1st period - Minor Penalty to Adam Fox for Tripping.
12:32 of 1st period - Max Domi wins face-off versus Teddy Blueger in Montreal Canadiens zone.
12:36 of 1st period - Backhand shot by Owen Tippett.
12:36 of 1st period - Shot Misses the Net.
12:38 of 1st period - Slapshot by Connor Murphy.
12:38 of 1st period - Deflect By Josh Manson.
12:38 of 1st period - Stopped by Lukas Dostal without a rebound.
12:39 of 1st period - Adam Henrique wins face-off versus Teddy Blueger in Montreal Canadiens zone.
12:40 of 1st period - Slapshot by Owen Tippett.
12:40 of 1st period - Shot Blocked by Brady Skjei.
12:44 of 1st period - Snap shot by Owen Tippett.
12:44 of 1st period - Goal by Owen Tippett - Montreal Canadiens : 2 - San Jose Sharks : 1.
12:45 of 1st period - Morgan Frost wins face-off versus Ryan Poehling in neutral zone.
13:24 of 1st period - Wrist shot by Evgeni Dadonov.
13:24 of 1st period - Shot Blocked by Alexander Wennberg.
13:46 of 1st period - Lane Hutson is hit by Connor Murphy and loses puck.
14:26 of 1st period - Wrist shot by Macklin Celebrini.
14:26 of 1st period - Shot Misses the Net.
15:17 of 1st period - Slapshot by Matt Duchene.
15:17 of 1st period - Shot Blocked by Owen Tippett.
15:19 of 1st period - Slapshot by Brady Skjei.
15:19 of 1st period - Shot Misses the Net.
16:10 of 1st period - Slapshot by Mattias Samuelsson.
16:10 of 1st period - Shot Blocked by Martin Necas.
16:12 of 1st period - Slapshot by Connor Murphy.
16:12 of 1st period - Deflect By Andrew Copp.
16:12 of 1st period - Stopped by Lukas Dostal with a rebound.
16:14 of 1st period - Snap shot by Andrew Copp.
16:14 of 1st period - Stopped by Lukas Dostal with a rebound.
16:23 of 1st period - Off-side.
16:24 of 1st period - Adam Henrique wins face-off versus Teddy Blueger in neutral zone.
16:59 of 1st period - Snap shot by Patrik Laine.
16:59 of 1st period - Deflect By Connor Murphy.
16:59 of 1st period - Shot Misses the Net.
16:59 of 1st period - Puck is out of play.
17:00 of 1st period - Matt Duchene wins face-off versus Peyton Krebs in San Jose Sharks zone.
17:01 of 1st period - Wrist shot by Juraj Slafkovsky.
17:01 of 1st period - Goal by Juraj Slafkovsky - Montreal Canadiens : 3 - San Jose Sharks : 1.
17:02 of 1st period - Matt Duchene wins face-off versus Adam Henrique in neutral zone.
17:07 of 1st period - Wrist shot by Brad Marchand.
17:07 of 1st period - Stopped by Jakub Dobes without a rebound.
17:08 of 1st period - Adam Henrique wins face-off versus Matt Duchene in San Jose Sharks zone.
17:17 of 1st period - Slapshot by Morgan Geekie.
17:17 of 1st period - Shot Misses the Net.
17:33 of 1st period - Slapshot by Macklin Celebrini.
17:33 of 1st period - Shot Misses the Net.
17:35 of 1st period - Slapshot by Damon Severson.
17:35 of 1st period - Shot Misses the Net.
17:37 of 1st period - Slapshot by Brady Skjei.
17:37 of 1st period - Shot Misses the Net.
17:59 of 1st period - Snap shot by Ilya Mikheyev.
17:59 of 1st period - Stopped by Lukas Dostal without a rebound.
18:00 of 1st period - Teddy Blueger wins face-off versus Adam Henrique in Montreal Canadiens zone.
18:48 of 1st period - Andrew Copp is hit by Evgeni Dadonov and loses puck.
19:13 of 1st period - Wrist shot by Ilya Mikheyev.
19:13 of 1st period - Shot Misses the Net.
19:31 of 1st period - Snap shot by Andrew Copp.
19:31 of 1st period - Shot Misses the Net.
Goals for this period are 3 for Montreal Canadiens vs 1 for San Jose Sharks.
Shots for this period are 18 for Montreal Canadiens vs 9 for San Jose Sharks.
2nd period
0:01 of 2nd period - Matt Duchene wins face-off versus Adam Henrique in neutral zone.
0:38 of 2nd period - Martin Necas is hit by Mattias Samuelsson and loses puck.
1:09 of 2nd period - Snap shot by Evgeni Dadonov.
1:09 of 2nd period - Shot Misses the Net.
1:31 of 2nd period - Snap shot by Alexander Wennberg.
1:31 of 2nd period - Stopped by Lukas Dostal with a rebound.
1:33 of 2nd period - Slapshot by Marcus Pettersson.
1:33 of 2nd period - Shot Misses the Net.
1:35 of 2nd period - Slapshot by Alexander Wennberg.
1:35 of 2nd period - Stopped by Lukas Dostal with a rebound.
1:37 of 2nd period - Wrist shot by Marcus Pettersson.
1:37 of 2nd period - Deflect By Juraj Slafkovsky.
1:37 of 2nd period - Stopped by Lukas Dostal with a rebound.
1:39 of 2nd period - Wrist shot by Owen Tippett.
1:39 of 2nd period - Deflect By Morgan Frost.
1:39 of 2nd period - Shot Misses the Net.
1:39 of 2nd period - Puck is out of play.
1:40 of 2nd period - Macklin Celebrini wins face-off versus Adam Henrique in Montreal Canadiens zone.
1:46 of 2nd period - Icing by Mattias Samuelsson.
1:47 of 2nd period - Adam Henrique wins face-off versus Macklin Celebrini in San Jose Sharks zone.
1:47 of 2nd period - Adam Henrique is hit by Macklin Celebrini.
2:20 of 2nd period - Wrist shot by Patrik Laine.
2:20 of 2nd period - Shot Misses the Net.
2:22 of 2nd period - Wrist shot by Drew O'Connor.
2:22 of 2nd period - Shot Blocked by Connor Murphy.
3:04 of 2nd period - Snap shot by Evgeni Dadonov.
3:04 of 2nd period - Stopped by Jakub Dobes with a rebound.
3:14 of 2nd period - Wrist shot by Ilya Mikheyev.
3:14 of 2nd period - Stopped by Lukas Dostal without a rebound.
3:15 of 2nd period - Adam Henrique wins face-off versus Macklin Celebrini in Montreal Canadiens zone.
4:35 of 2nd period - Snap shot by Peyton Krebs.
4:35 of 2nd period - Shot Blocked by Adam Fox.
4:37 of 2nd period - Slapshot by Oliver Ekman-Larsson.
4:37 of 2nd period - Shot Blocked by Martin Necas.
4:39 of 2nd period - Backhand shot by Morgan Geekie.
4:39 of 2nd period - Shot Misses the Net.
4:55 of 2nd period - Snap shot by Macklin Celebrini.
4:55 of 2nd period - Stopped by Jakub Dobes without a rebound.
4:56 of 2nd period - Brad Marchand wins face-off versus Morgan Frost in San Jose Sharks zone.
5:01 of 2nd period - Snap shot by Brad Marchand.
5:01 of 2nd period - Shot Misses the Net.
5:03 of 2nd period - Minor Penalty to Morgan Frost for Boarding.
5:04 of 2nd period - Alexander Wennberg wins face-off versus Brad Marchand in San Jose Sharks zone.
5:34 of 2nd period - Connor Murphy is hit by Patrik Laine and loses puck.
7:03 of 2nd period - Penalty to Morgan Frost is over, Morgan Frost is back on ice.
7:18 of 2nd period - Snap shot by Luke Glendening.
7:18 of 2nd period - Shot Blocked by Justin Hryckowian.
9:57 of 2nd period - Josh Manson is hit by Oliver Ekman-Larsson and loses puck.
10:40 of 2nd period - Wrist shot by Luke Glendening.
10:40 of 2nd period - Shot Blocked by Lane Hutson.
10:56 of 2nd period - Off-side.
10:57 of 2nd period - Matt Duchene wins face-off versus Morgan Frost in neutral zone.
11:10 of 2nd period - Wrist shot by Matt Duchene.
11:10 of 2nd period - Stopped by Jakub Dobes with a rebound.
11:28 of 2nd period - Wrist shot by Max Domi.
11:28 of 2nd period - Stopped by Lukas Dostal with a rebound.
12:20 of 2nd period - Wrist shot by Max Domi.
12:20 of 2nd period - Shot Misses the Net.
12:22 of 2nd period - Snap shot by Andrew Copp.
12:22 of 2nd period - Shot Misses the Net.
12:24 of 2nd period - Slapshot by Ilya Mikheyev.
12:24 of 2nd period - Shot Misses the Net.
12:26 of 2nd period - Snap shot by Ilya Mikheyev.
12:26 of 2nd period - Shot Misses the Net.
12:28 of 2nd period - Slapshot by Zach Whitecloud.
12:28 of 2nd period - Shot Blocked by Josh Manson.
12:30 of 2nd period - Slapshot by Zach Whitecloud.
12:30 of 2nd period - Shot Misses the Net.
12:32 of 2nd period - Snap shot by Andrew Copp.
12:32 of 2nd period - Shot Blocked by Lane Hutson.
12:34 of 2nd period - Snap shot by Andrew Copp.
12:34 of 2nd period - Goal by Andrew Copp - Montreal Canadiens : 3 - San Jose Sharks : 2.
12:35 of 2nd period - Morgan Frost wins face-off versus Matt Duchene in neutral zone.
12:51 of 2nd period - Wrist shot by Matt Duchene.
12:51 of 2nd period - Stopped by Jakub Dobes with a rebound.
13:23 of 2nd period - Snap shot by Luke Glendening.
13:23 of 2nd period - Shot Misses the Net.
13:59 of 2nd period - Peyton Krebs is hit by Martin Necas and loses puck.
14:06 of 2nd period - Slapshot by Marcus Pettersson.
14:06 of 2nd period - Shot Misses the Net.
14:28 of 2nd period - Teddy Blueger is hit by Zach Whitecloud and loses puck.
14:55 of 2nd period - Justin Hryckowian is hit by Morgan Geekie.
15:22 of 2nd period - Juraj Slafkovsky is hit by Luke Glendening and loses puck.
16:18 of 2nd period - Wrist shot by Matt Duchene.
16:18 of 2nd period - Shot Hit the Post.
16:32 of 2nd period - Snap shot by Macklin Celebrini.
16:32 of 2nd period - Shot Misses the Net.
16:48 of 2nd period - Ilya Mikheyev is hit by Josh Manson and loses puck.
17:12 of 2nd period - Snap shot by Max Domi.
17:12 of 2nd period - Stopped by Lukas Dostal with a rebound.
17:18 of 2nd period - Mattias Samuelsson is hit by Brad Marchand and loses puck.
17:52 of 2nd period - Wrist shot by Anthony Beauvillier.
17:52 of 2nd period - Shot Misses the Net.
17:54 of 2nd period - Slapshot by Connor Murphy.
17:54 of 2nd period - Stopped by Lukas Dostal without a rebound.
17:55 of 2nd period - Matt Duchene wins face-off versus Morgan Frost in Montreal Canadiens zone.
18:04 of 2nd period - Wrist shot by Matt Duchene.
18:04 of 2nd period - Shot Misses the Net.
18:27 of 2nd period - Snap shot by Patrik Laine.
18:27 of 2nd period - Shot Misses the Net.
18:29 of 2nd period - Wrist shot by Patrik Laine.
18:29 of 2nd period - Stopped by Jakub Dobes without a rebound.
18:30 of 2nd period - Morgan Frost wins face-off versus Macklin Celebrini in San Jose Sharks zone.
18:43 of 2nd period - Slapshot by Owen Tippett.
18:43 of 2nd period - Stopped by Lukas Dostal with a rebound.
18:45 of 2nd period - Wrist shot by Owen Tippett.
18:45 of 2nd period - Stopped by Lukas Dostal without a rebound.
18:46 of 2nd period - Adam Henrique wins face-off versus Matt Duchene in Montreal Canadiens zone.
18:51 of 2nd period - Snap shot by Adam Henrique.
18:51 of 2nd period - Shot Blocked by Brad Marchand.
18:57 of 2nd period - Slapshot by Brad Marchand.
18:57 of 2nd period - Shot Blocked by Connor Murphy.
18:59 of 2nd period - Snap shot by Brady Skjei.
18:59 of 2nd period - Shot Misses the Net.
19:01 of 2nd period - Slapshot by Owen Power.
19:01 of 2nd period - Stopped by Jakub Dobes without a rebound.
19:02 of 2nd period - Teddy Blueger wins face-off versus Morgan Frost in San Jose Sharks zone.
19:17 of 2nd period - Snap shot by Morgan Frost.
19:17 of 2nd period - Stopped by Lukas Dostal without a rebound.
19:18 of 2nd period - Matt Duchene wins face-off versus Adam Henrique in Montreal Canadiens zone.
Goals for this period are 0 for Montreal Canadiens vs 1 for San Jose Sharks.
Shots for this period are 6 for Montreal Canadiens vs 11 for San Jose Sharks.
3rd period
0:01 of 3rd period - Matt Duchene wins face-off versus Morgan Frost in neutral zone.
0:33 of 3rd period - Wrist shot by Macklin Celebrini.
0:33 of 3rd period - Stopped by Jakub Dobes without a rebound.
0:34 of 3rd period - Morgan Frost wins face-off versus Macklin Celebrini in San Jose Sharks zone.
0:41 of 3rd period - Slapshot by Alexander Wennberg.
0:41 of 3rd period - Stopped by Lukas Dostal without a rebound.
0:42 of 3rd period - Morgan Frost wins face-off versus Macklin Celebrini in Montreal Canadiens zone.
0:45 of 3rd period - Wrist shot by Alexander Wennberg.
0:45 of 3rd period - Shot Misses the Net.
0:47 of 3rd period - Wrist shot by Morgan Frost.
0:47 of 3rd period - Stopped by Lukas Dostal with a rebound.
0:49 of 3rd period - Slapshot by Owen Tippett.
0:49 of 3rd period - Stopped by Lukas Dostal without a rebound.
0:50 of 3rd period - Morgan Frost wins face-off versus Matt Duchene in Montreal Canadiens zone.
0:59 of 3rd period - Snap shot by Alexander Wennberg.
0:59 of 3rd period - Stopped by Lukas Dostal with a rebound.
1:01 of 3rd period - Slapshot by Alexander Wennberg.
1:01 of 3rd period - Stopped by Lukas Dostal without a rebound.
1:02 of 3rd period - Matt Duchene wins face-off versus Morgan Frost in Montreal Canadiens zone.
1:19 of 3rd period - Wrist shot by Juraj Slafkovsky.
1:19 of 3rd period - Stopped by Jakub Dobes without a rebound.
1:20 of 3rd period - Teddy Blueger wins face-off versus Andrew Copp in San Jose Sharks zone.
1:55 of 3rd period - Marcus Pettersson is hit by Brad Marchand and loses puck.
2:18 of 3rd period - Slapshot by Morgan Geekie.
2:18 of 3rd period - Stopped by Lukas Dostal without a rebound.
2:19 of 3rd period - Andrew Copp wins face-off versus Teddy Blueger in Montreal Canadiens zone.
2:22 of 3rd period - Slapshot by Max Domi.
2:22 of 3rd period - Stopped by Lukas Dostal without a rebound.
2:23 of 3rd period - Max Domi wins face-off versus Teddy Blueger in Montreal Canadiens zone.
2:53 of 3rd period - Slapshot by Ilya Mikheyev.
2:53 of 3rd period - Stopped by Lukas Dostal without a rebound.
2:54 of 3rd period - Macklin Celebrini wins face-off versus Morgan Frost in Montreal Canadiens zone.
2:54 of 3rd period - Macklin Celebrini is hit by Owen Tippett.
3:06 of 3rd period - Snap shot by Macklin Celebrini.
3:06 of 3rd period - Shot Blocked by Morgan Frost.
3:08 of 3rd period - Slapshot by Macklin Celebrini.
3:08 of 3rd period - Shot Blocked by Oliver Ekman-Larsson.
3:20 of 3rd period - Adam Henrique is hit by Matt Duchene and loses puck.
4:11 of 3rd period - Andre Burakovsky is hit by Evgeni Dadonov and loses puck.
5:22 of 3rd period - Max Domi is hit by Lane Hutson and loses puck.
6:03 of 3rd period - Minor Penalty to Jake Middleton for Slashing.
6:04 of 3rd period - Morgan Geekie wins face-off versus Martin Necas in San Jose Sharks zone.
6:04 of 3rd period - Morgan Geekie is hit by Owen Power.
6:31 of 3rd period - Off-side.
6:32 of 3rd period - Morgan Geekie wins face-off versus Macklin Celebrini in neutral zone.
7:24 of 3rd period - Slapshot by Oliver Ekman-Larsson.
7:24 of 3rd period - Shot Misses the Net.
8:03 of 3rd period - Penalty to Jake Middleton is over, Jake Middleton is back on ice.
8:04 of 3rd period - Lane Hutson is hit by Alexander Wennberg and loses puck.
8:23 of 3rd period - Wrist shot by Max Domi.
8:23 of 3rd period - Stopped by Lukas Dostal with a rebound.
8:49 of 3rd period - Justin Hryckowian is hit by Andre Burakovsky and loses puck.
9:00 of 3rd period - Teddy Blueger is hit by Peyton Krebs and loses puck.
9:07 of 3rd period - Peyton Krebs is hit by Teddy Blueger and loses puck.
9:53 of 3rd period - Slapshot by Jake Middleton.
9:53 of 3rd period - Stopped by Lukas Dostal with a rebound.
10:25 of 3rd period - Wrist shot by Mattias Samuelsson.
10:25 of 3rd period - Stopped by Lukas Dostal with a rebound.
10:27 of 3rd period - Slapshot by Connor Murphy.
10:27 of 3rd period - Shot Misses the Net.
11:32 of 3rd period - Josh Manson is hit by Owen Tippett and loses puck.
11:47 of 3rd period - Mattias Samuelsson is hit by Josh Manson and loses puck.
11:58 of 3rd period - Adam Henrique is hit by Teddy Blueger and loses puck.
12:09 of 3rd period - Wrist shot by Matt Duchene.
12:09 of 3rd period - Stopped by Jakub Dobes with a rebound.
12:53 of 3rd period - Snap shot by Drew O'Connor.
12:53 of 3rd period - Shot Misses the Net.
12:59 of 3rd period - Connor Murphy is hit by Drew O'Connor and loses puck.
13:22 of 3rd period - Snap shot by Andre Burakovsky.
13:22 of 3rd period - Stopped by Lukas Dostal with a rebound.
13:38 of 3rd period - Marcus Pettersson is hit by Lane Hutson and loses puck.
13:45 of 3rd period - Slapshot by Arttu Hyry.
13:45 of 3rd period - Shot Blocked by Oliver Ekman-Larsson.
13:47 of 3rd period - Snap shot by Josh Manson.
13:47 of 3rd period - Shot Misses the Net.
13:53 of 3rd period - Minor Penalty to Max Domi for Kneeing.
13:54 of 3rd period - Alexander Wennberg wins face-off versus Macklin Celebrini in San Jose Sharks zone.
15:53 of 3rd period - Penalty to Max Domi is over, Max Domi is back on ice.
16:56 of 3rd period - Matt Duchene is hit by Peyton Krebs and loses puck.
18:01 of 3rd period - Arttu Hyry is hit by Alexander Wennberg and loses puck.
18:12 of 3rd period - Josh Manson is hit by Andre Burakovsky and loses puck.
18:21 of 3rd period - Wrist shot by Andre Burakovsky.
18:21 of 3rd period - Deflect By Anthony Beauvillier.
18:21 of 3rd period - Stopped by Lukas Dostal with a rebound.
18:51 of 3rd period - Adam Fox is hit by Peyton Krebs and loses puck.
18:52 of 3rd period - Adam Fox from Montreal Canadiens is injured at 18:52 of 3rd period (Bruised Right Arm).
18:53 of 3rd period - Owen Tippett wins face-off versus Teddy Blueger in Montreal Canadiens zone.
18:54 of 3rd period - San Jose Sharks, Jakub Dobes is pulled from the net.
18:54 of 3rd period - Wrist shot by Morgan Geekie.
18:54 of 3rd period - Shot Misses the Net.
18:56 of 3rd period - Snap shot by Peyton Krebs.
18:56 of 3rd period - Shot Misses the Net.
18:58 of 3rd period - Snap shot by Peyton Krebs.
18:58 of 3rd period - Stopped by Lukas Dostal with a rebound.
19:00 of 3rd period - Snap shot by Peyton Krebs.
19:00 of 3rd period - Deflect By Morgan Geekie.
19:00 of 3rd period - Shot Misses the Net.
19:00 of 3rd period - Puck is out of play.
19:01 of 3rd period - Jeff Blashill call a timeout for San Jose Sharks.
19:01 of 3rd period - Teddy Blueger wins face-off versus Morgan Geekie in Montreal Canadiens zone.
19:01 of 3rd period - Teddy Blueger is hit by Peyton Krebs.
19:29 of 3rd period - Snap shot by Drew O'Connor.
19:29 of 3rd period - Shot Blocked by Connor Murphy.
19:39 of 3rd period - Wrist shot by Morgan Geekie.
19:39 of 3rd period - Stopped by Lukas Dostal without a rebound.
19:40 of 3rd period - Peyton Krebs wins face-off versus Drew O'Connor in Montreal Canadiens zone.
Goals for this period are 0 for Montreal Canadiens vs 0 for San Jose Sharks.
Shots for this period are 3 for Montreal Canadiens vs 15 for San Jose Sharks.
Back to the Top